 Dungeon Crawl Stone Soup version 0.16-a0-3105-gd90c058 (webtiles) character file.

20644 MackTheKnife the Severer (level 12, -3/106 HPs)
             Began as a Minotaur Berserker on Dec 12, 2014.
             Was a High Priest of Trog.
             Slain by an orc warrior
             ... wielding a +0 broad axe
              (15 damage)
             ... on level 4 of the Orcish Mines.
             The game lasted 00:30:19 (13196 turns).

MackTheKnife the Severer (Minotaur Berserker)      Turns: 13196, Time: 00:30:20

Health: -3/106     AC: 17    Str: 22    XL:     12   Next: 47%
Magic:  5/5        EV:  8    Int:  4    God:    Trog [*****.]
Gold:   1914       SH:  0    Dex: 15    Spells: 0 memorised, 11 levels left

rFire  . . .     SeeInvis .     b - +2 executioner's axe (elec)
rCold  . . .     Clarity  .     p - +0 plate armour
rNeg   . . .     SustAb   .     (no shield)
rPois  +         Gourm    .     (helmet restricted)
rElec  .         Spirit   .     d - +1 cloak
rCorr  .         Warding  .     y - +0 pair of gloves
rMut   .         Stasis   .     (no boots)
MR     .....                    l - amulet of regeneration
Stlth  ..........               a - ring of poison resistance (curse)
                                D - ring of flight

@: not resistant to hostile enchantments, extremely unstealthy
A: retaliatory headbutt, horns 2, blurry vision 1, spit poison 1, no device heal
1
a: Spit Poison, Burn Spellbooks, Berserk, Trog's Hand, Brothers in Arms,
Renounce Religion, Evoke Flight


You were on level 4 of the Orcish Mines.
You worshipped Trog.
Trog was extremely pleased with you.
You were not hungry.

You visited 2 branches of the dungeon, and saw 15 of its levels.

You collected 1914 gold pieces.


Innate Abilities, Weirdness & Mutations

You reflexively headbutt those who attack you in melee.
You have a pair of horns on your head.
Scrolls take you a little longer to read.
You can spit poison.
Potions and wands are less effective at restoring your health.


   Skills:
 + Level 10.2 Fighting
 + Level 19.8 Axes
 - Level 8.6 Armour
 - Level 2.1 Dodging


You had 11 spell levels left.
You didn't know any spells.

Inventory:

Hand weapons
 b - a +2 executioner's axe of electrocution (weapon)
 s - a +0 battleaxe
Armour
 d - a +1 cloak (worn)
 p - a +0 plate armour (worn)
 y - a +0 pair of gloves (worn)
Jewellery
 a - a cursed ring of poison resistance (right hand)
 l - an amulet of regeneration (around neck)
 D - a ring of flight (left hand)
Magical devices
 k - a wand of fireball (1)
 w - a wand of paralysis (13)
 x - a wand of fire (0)
 B - a wand of disintegration (3)
Scrolls
 e - 2 scrolls of identify
 g - 5 scrolls of recharging
 i - a scroll of fear
 r - a scroll of remove curse
 v - 2 scrolls of blinking
 F - a scroll of enchant armour
Potions
 c - 3 potions of ambrosia {!q!e}
 f - 2 potions of magic
 j - a potion of curing
 m - 6 potions of heal wounds
 o - 4 potions of agility
 q - 2 potions of flight
 t - 2 potions of cancellation
 z - 2 potions of berserk rage
 E - a potion of restore abilities
Comestibles
 n - 2 meat rations
 u - 3 bread rations
 A - 28 fruits

#.. c #..# ... ...#
...o. ...#
≈≈.....#..#
≈≈......#..#
≈...........#
......... #.o#
≈..........##H)#
##...##..##..##.((#
............)(...##
...........((.(.##
..........##)####
.............(.##
....#...((((()))#
.....##.#....#)##
........###.###(#


You could see 2 orc warriors and a centaur.


Message History

The orc warrior wields an arbalest.
The orc warrior shoots a bolt.
The bolt hits you!!
* * * LOW HITPOINT WARNING * * *
You slice the orc warrior!!
The orc warrior is severely wounded.
The orc warrior unwields an uncursed arbalest.
The orc warrior wields an uncursed broad axe.
The orc warrior hits you but does no damage.
The orc warrior shoots a bolt.
The bolt barely misses you.
An orc comes into view. It is wielding a mace.
You barely miss the orc warrior.
The orc warrior is severely wounded.
The orc warrior hits you with an uncursed broad axe!
* * * LOW HITPOINT WARNING * * *
The orc moves out of view.
You closely miss the orc warrior.
The orc warrior is severely wounded.
The orc warrior shoots a bolt.
The bolt hits you!
* * * LOW HITPOINT WARNING * * *
A centaur comes into view.
Unknown command.
Unknown command.
Drink which item? (? for menu, Esc to quit)
You feel much better.
The centaur shouts!
The centaur wields a shortbow.
The centaur shoots a poisoned arrow.
The poisoned arrow hits you!
* * * LOW HITPOINT WARNING * * *
The orc warrior hits you with an uncursed broad axe!
You die...

Action                   |  1- 3 |  4- 6 |  7- 9 | 10-12 || total
-------------------------+-------+-------+-------+-------++-------
Melee: Hand axe          |   106 |   142 |   313 |       ||   561
       War axe           |       |       |    80 |    33 ||   113
       Battleaxe         |       |       |       |   242 ||   242
       Executioner's axe |       |       |       |   280 ||   280
Invok: Berserk           |     1 |     5 |     7 |    12 ||    25
       Trog's Hand       |       |     1 |     4 |     6 ||    11
       Brothers in Arms  |       |       |       |     7 ||     7
       Burn Spellbooks   |       |       |       |     1 ||     1
Evoke: Wand              |       |       |       |     3 ||     3
  Use: Scroll            |       |    10 |     8 |     6 ||    24
       Potion            |       |     2 |       |     5 ||     7
  Eat: Bread ration      |     1 |     2 |       |     4 ||     7
       Chunk             |       |       |    17 |     9 ||    26
       Beef jerky        |       |       |     2 |     1 ||     3
       Pizza             |       |       |     2 |       ||     2
       Fruit             |       |       |       |     1 ||     1
       Meat ration       |       |       |       |     2 ||     2

Vault maps used:
D:1:      matt_arrival_los_fun, lexackson_kobold_supper
D:2:      nicolae_overflow_crystal_walls, lemuel_round_altar, xom_teletrap_fun
D:3:      lemuel_round_altar, bloody_trog
D:4:      kennysheep_little_box, temple_green
D:5:      overflow_temple_1_default, first_bread, kennysheep_generic_room_9,
          uniq_blork_the_orc, uniq_edmund
D:6:      serial_shops, nicolae_shop_statue_plus, uniq_pikel
D:7:      forest_paths
D:8:      minmay_statue_hallways, uniq_duvessa, uniq_eustachio
D:9:      tso_metal_star, basic_altar, uniq_erolcha
D:10:     minmay_cut_squares, hiddenorc2_lemuel, blue_anna_alchemist,
          lightli_wizard_tower
D:11:     erik_lair_orcish_takeover, elves_outpost_lemuel
Orc:1:    enter_bailey_3
Orc:2:    uniq_urug, uniq_sonja
Orc:3:    nicolae_orc_pool_cavern, uniq_psyche, uniq_nessos
Orc:4:    st_orc_rangers, mines3_lemuel, uniq_joseph, uniq_nergalle

Notes
Turn   | Place    | Note
--------------------------------------------------------------
     0 | D:1      | MackTheKnife, the Minotaur Berserker, began the quest for the Orb.
     0 | D:1      | Reached XP level 1. HP: 19/19 MP: 1/1
    47 | D:1      | Reached skill level 4 in Axes
   138 | D:1      | Reached XP level 2. HP: 21/26 MP: 1/1
   473 | D:1      | Reached skill level 5 in Axes
   587 | D:1      | Reached XP level 3. HP: 29/31 MP: 2/2
   668 | D:1      | Acquired Trog's second power
  1462 | D:2      | Reached XP level 4. HP: 33/39 MP: 2/2
  1474 | D:2      | Reached skill level 6 in Axes
  1530 | D:2      | Found a snail-covered altar of Cheibriados.
  1683 | D:2      | Found a radiant altar of Vehumet.
  1831 | D:2      | Found a shimmering altar of Xom.
  2115 | D:3      | Found a bloodstained altar of Trog.
  2197 | D:3      | Found a basalt altar of Yredelemnul.
  2224 | D:3      | Noticed a water moccasin
  2226 | D:3      | Killed a water moccasin
  2226 | D:3      | Reached skill level 7 in Axes
  2226 | D:3      | Reached XP level 5. HP: 45/45 MP: 2/2
  2609 | D:4      | Noticed a phantom
  2634 | D:4      | Killed a phantom
  2634 | D:4      | Reached skill level 8 in Axes
  2634 | D:4      | Reached XP level 6. HP: 40/51 MP: 3/3
  2754 | D:4      | Found a staircase to the Ecumenical Temple.
  2924 | D:4      | Found a shadowy altar of Dithmenos.
  3003 | D:5      | Entered Level 5 of the Dungeon
  3366 | D:5      | Reached skill level 9 in Axes
  3574 | D:5      | Reached XP level 7. HP: 38/57 MP: 3/3
  3740 | D:5      | Acquired Trog's third power
  3740 | D:5      | Reached skill level 10 in Axes
  4054 | D:5      | Noticed Blork the orc
  4066 | D:5      | Killed Blork the orc
  4104 | D:5      | Noticed Edmund
  4110 | D:5      | Killed Edmund
  4110 | D:5      | Reached skill level 11 in Axes
  4117 | D:5      | Reached XP level 8. HP: 64/64 MP: 3/3
  4200 | D:5      | Found a white marble altar of Elyvilon.
  4302 | D:5      | Reached skill level 4 in Fighting
  4616 | D:6      | Reached skill level 3 in Armour
  4779 | D:6      | Reached skill level 5 in Fighting
  4779 | D:6      | Reached skill level 4 in Armour
  4874 | D:6      | Noticed Pikel
  4887 | D:6      | Killed Pikel
  4887 | D:6      | Reached skill level 7 in Fighting
  4887 | D:6      | Reached skill level 6 in Armour
  4889 | D:6      | Reached XP level 9. HP: 79/79 MP: 4/4
  5009 | D:6      | Found Miyv's Book Emporium.
  5042 | D:6      | Reached skill level 7 in Armour
  5148 | D:6      | Reached skill level 8 in Fighting
  5591 | D:7      | Reached skill level 8 in Armour
  5649 | D:7      | Reached skill level 9 in Fighting
  5865 | D:7      | Received a gift from Trog
  6591 | D:8      | Reached skill level 12 in Axes
  6833 | D:8      | Noticed Duvessa
  6842 | D:8      | Noticed Dowan
  6849 | D:8      | Killed Dowan
  6852 | D:8      | Killed Duvessa
  7459 | D:8      | Noticed an obsidian statue
  7461 | D:8      | Noticed a sun demon
  7461 | D:8      | Noticed an orange demon
  7463 | D:8      | Noticed a rust devil
  7485 | D:9      | Reached XP level 10. HP: 91/91 MP: 4/4
  7604 | D:9      | Noticed Erolcha
  7610 | D:9      | Killed Erolcha
  7610 | D:9      | Reached skill level 13 in Axes
  7674 | D:9      | Found a burning altar of Makhleb.
  7712 | D:9      | Found a glowing golden altar of the Shining One.
  7793 | D:9      | Reached skill level 14 in Axes
  8546 | D:10     | Entered Level 10 of the Dungeon
  8579 | D:10     | Noticed a wizard
  8583 | D:10     | Killed a wizard
  8583 | D:10     | Reached skill level 15 in Axes
  8641 | D:10     | Noticed an eight-headed hydra
  8645 | D:10     | Killed an eight-headed hydra
  8650 | D:10     | Noticed a cyclops
  8655 | D:10     | Killed a cyclops
  8664 | D:10     | Reached XP level 11. HP: 87/97 MP: 4/4
  8678 | D:10     | Noticed a swamp dragon
  8689 | D:10     | Killed a swamp dragon
  8769 | D:10     | Found a staircase to the Orcish Mines.
  8779 | D:10     | Reached skill level 16 in Axes
  8853 | D:10     | Noticed a hill giant
  8869 | D:10     | Killed a hill giant
  9440 | D:11     | Noticed a hill giant
  9447 | D:11     | Killed a hill giant
  9582 | D:11     | Noticed a hill giant
  9588 | D:11     | Killed a hill giant
  9588 | D:11     | Reached skill level 17 in Axes
  9822 | D:11     | Found a staircase to the Lair.
  9870 | D:11     | Received a gift from Trog
  9957 | D:11     | Noticed a hill giant
  9964 | D:11     | Killed a hill giant
  9964 | D:11     | Reached skill level 18 in Axes
 10525 | Orc:1    | Entered Level 1 of the Orcish Mines
 10658 | Orc:2    | Noticed Urug
 10670 | Orc:2    | Killed Urug
 10675 | Orc:2    | Reached XP level 12. HP: 55/104 MP: 5/5
 10813 | Orc:2    | Noticed Sonja
 10820 | Orc:2    | Killed Sonja
 10841 | Orc:2    | Received a gift from Trog
 11030 | Orc:3    | Found a staircase to the Elven Halls.
 11286 | Orc:1    | Reached skill level 19 in Axes
 11639 | Orc:3    | Received a gift from Trog
 11930 | Orc:3    | Noticed Nessos
 11950 | Orc:3    | Killed Nessos
 12309 | Orc:4    | Entered Level 4 of the Orcish Mines
 12309 | Orc:4    | Found a staircase to the Elven Halls.
 12309 | Orc:4    | Noticed runewalsh's ghost (powerful OpTm)
 12337 | Orc:4    | Killed runewalsh's ghost
 12371 | Orc:4    | Noticed Joseph
 12437 | Orc:4    | Killed Joseph
 12661 | Orc:4    | Gained mutation: Potions and wands are less effective at restoring your health. [potion of mutation]
 12661 | Orc:4    | Gained mutation: Scrolls take you a little longer to read. [potion of mutation]
 12661 | Orc:4    | Gained mutation: You can spit poison. [potion of mutation]
 12914 | Orc:4    | Noticed a centaur warrior
 12938 | Orc:4    | Killed a centaur warrior
 13097 | Orc:4    | Reached skill level 10 in Fighting
 13195 | Orc:4    | HP: 10/106 [orc warrior/bolt (16)]
 13196 | Orc:4    | Slain by an orc warrior

Vanquished Creatures
  Nessos (Orc:3)
  A centaur warrior (Orc:4)
  Urug (Orc:2)
  4 hill giants
  Erolcha (D:9)
  Pikel (D:6)
  A wizard (D:10)
  A deep elf conjurer (D:11)
  A cyclops (D:11)
  An orc sorcerer (Orc:2)
  An oklob plant (Orc:4)
  Joseph (Orc:4)
  5 trolls
  5 yaks (D:9)
  A wraith (D:10)
  2 deep elf magi
  9 deep elf fighters (D:11)
  A shadow (D:11)
  A hungry ghost (D:7)
  A wyvern (D:9)
  2 hippogriffs
  Edmund (D:5)
  3 wargs
  2 black bears
  A sky beast (D:5)
  5 ice beasts
  10 orc warriors
  3 phantoms
  9 centaurs
  A water moccasin (D:3)
  2 slaves (D:6)
  A crocodile (D:8)
  4 ogres
  Duvessa (D:8)
  Blork the orc (D:5)
  4 big kobolds
  9 giant frogs
  A scorpion (D:9)
  6 killer bees
  A water moccasin skeleton (D:9)
  4 goliath beetles
  An electric eel (D:11)
  8 wights
  5 crimson imps
  Dowan (D:8)
  A centaur zombie (D:10)
  2 giant frog skeletons
  A giant frog zombie (D:7)
  20 orc priests
  2 jellies
  A gnoll shaman (Orc:4)
  3 hounds
  3 iguanas
  11 worker ants
  11 orc wizards
  A mummy (D:9)
  2 worker ant zombies
  11 adders
  3 gnolls (Orc:4)
  A giant mite (D:9)
  5 shadow imps
  2 worms (D:2)
  An adder zombie (D:5)
  An adder skeleton (D:4)
  9 giant geckos
  118 orcs
  14 bats
  A bat skeleton (D:5)
  5 giant cockroaches
  21 goblins
  18 hobgoblins
  17 jackals
  36 kobolds
  7 quokkas
  A ball python (D:3)
  A giant cockroach zombie (D:5)
  2 giant gecko skeletons
  A giant gecko zombie (D:5)
  A giant newt (D:4)
  19 rats
  8 ballistomycetes
487 creatures vanquished.

Vanquished Creatures (collateral kills)
  A hydra (D:10)
  The ghost of runewalsh the Martial Artist, a powerful OpTm of Ashenzari (Orc:4)
  A swamp dragon (shapeshifter) (D:10)
  An orc sorcerer (Orc:3)
  A cyclops (D:10)
  A troll (Orc:1)
  Sonja (Orc:2)
  A mottled dragon (D:10)
  A phantom (D:10)
  A crimson imp (D:10)
  An orc priest (Orc:1)
  An orc wizard (Orc:1)
  14 orcs
  A giant spore (D:10)
  4 goblins (Orc:1)
31 creatures vanquished.

Vanquished Creatures (others)
  An orc priest (D:6)
  2 giant spores
  3 plants (D:1)
6 creatures vanquished.

Grand Total: 524 creatures vanquished
